 Dungeon Crawl Stone Soup version 0.24-a0-434-gd57e52fea8 (webtiles) character file.

Game seed: 5785209033817399976

89644 Amnesiac the Peltast (level 15, 0/114 HPs)
             Began as a Merfolk Skald on June 17, 2019.
             Was the Champion of Okawaru.
             Slain by Agnes
             ... wielding a +1 lajatang of speed
              (15 damage)
             ... on level 14 of the Dungeon.
             The game lasted 01:12:54 (25520 turns).

Amnesiac the Peltast (Merfolk Skald)               Turns: 25520, Time: 01:12:55

Health: 0/114      AC:  8    Str: 14    XL:     15   Next: 98%
Magic:  20/22      EV: 25    Int: 13    God:    Okawaru [******]
Gold:   1928       SH: 14    Dex: 22    Spells: 7/24 levels left

rFire    + . .     SeeInvis +   a - +3 demon trident (elec)
rCold    + + .     Gourm    .   o - +0 shield
rNeg     . . .     Faith    .   (no armour)
rPois    +         Spirit   .   u - +2 helmet {SInv}
rElec    .         Reflect  .   H - scarf {rC+ rF+}
rCorr    .         Harm     .   (no gloves)
MR       +....                  J - +2 pair of boots {Fly}
Stlth    ++++......             y - amulet of rage
HPRegen  0.29/turn              g - ring of protection from cold
MPRegen  0.18/turn              P - +3 ring of dexterity

@: flying, hasted, very quick
A: change form in water, swift swim, stealthy swim, thin metallic scales 1, thin
skeletal structure 1, blink, poison resistance, wild magic 1
a: Blink, Heroism, Finesse, Renounce Religion, Evoke Berserk Rage, Stop Flying


You were on level 14 of the Dungeon.
You worshipped Okawaru.
Okawaru was exalted by your worship.
You were hungry.

You visited 4 branches of the dungeon, and saw 23 of its levels.
You also visited: Bailey and Ice Cave.

You collected 2488 gold pieces.
You spent 560 gold pieces at shops.

Inventory:

Hand Weapons
 a - a +3 demon trident of electrocution (weapon)
 W - a +3 demon trident of freezing
Missiles
 p - 5 curare-tipped darts (quivered)
 F - 12 silver javelins
 G - 9 throwing nets
Armour
 o - a +0 shield (worn)
 r - a +3 leather armour of cold resistance
 u - a +2 helmet of see invisible (worn)
 H - a scarf of resistance (worn)
 J - a +2 pair of boots of flying (worn)
 V - a +2 robe of fire resistance
Jewellery
 g - a ring of protection from cold (left hand)
 y - an amulet of rage (around neck)
 P - a +3 ring of dexterity (right hand)
 S - an uncursed ring of protection from magic
 U - an uncursed ring of protection from magic
Wands
 w - a wand of digging (4)
 x - a wand of enslavement (2)
 K - a wand of acid (21)
 L - a wand of iceblast (9)
 O - a wand of paralysis (45)
Scrolls
 c - a scroll of fear {!r}
 f - 7 scrolls of remove curse {!r}
 h - 3 scrolls of blinking {!r}
 l - 3 scrolls of enchant armour {!r}
 A - 2 scrolls of fog {!r}
 C - 7 scrolls of teleportation {!r}
 M - 2 scrolls of magic mapping {!r}
Potions
 b - 3 potions of resistance {!q}
 e - 5 potions of flight {!q}
 i - a potion of magic {!q}
 j - a potion of brilliance {!q}
 k - a potion of invisibility {!q}
 n - a potion of ambrosia {!q}
 q - a potion of agility {!q}
 s - 6 potions of curing {!q}
 t - a potion of cancellation {!q}
 v - a potion of berserk rage {!q}
 z - 3 potions of mutation {!q}
 D - a potion of haste {!q}
 Z - 2 potions of might {!q}
Miscellaneous
 m - a box of beasts
 Q - a phial of floods
Comestibles
 d - 28 rations


   Skills:
 + Level 9.4 Fighting
 + Level 14.4 Polearms
 - Level 0.6 Armour
 + Level 13.4 Dodging
 - Level 5.0 Stealth
 - Level 15.0 Shields
 - Level 5.0 Spellcasting
 - Level 5.0 Hexes
 + Level 5.8 Charms
 - Level 9.0 Necromancy
 - Level 8.0 Invocations
 - Level 5.0 Evocations


You had 7 spell levels left.
You knew the following spells:

 Your Spells              Type           Power        Failure   Level  Hunger
a - Infusion              Chrm           ###.         3%          1    None
b - Confuse               Hex            ###.....     11%         3    ###....
c - Confusing Touch       Hex            ###...       4%          1    None
d - Apportation           Tloc           #.....       26%         1    None
e - Spectral Weapon       Hex/Chrm       ###.....     10%         3    ###....
r - Regeneration          Chrm/Necr      ####......   4%          3    ###....
w - Tukima's Dance        Hex            ###.....     11%         3    ###....
z - Swiftness             Chrm/Air       ##......     13%         2    ##.....

Your spell library contained the following spells:

 Spells                   Type           Power        Failure   Level  Hunger
 Animate Skeleton         Necr           N/A          1%          1    None
 Corona                   Hex            ###....      4%          1    None
 Song of Slaying          Chrm           ###.....     4%          2    ##.....
 Shroud of Golubria       Chrm/Tloc      ##....       13%         2    ##.....
 Ensorcelled Hibernation  Hex/Ice        ##....       14%         2    ##.....
 Magic Dart               Conj           #...         26%         1    None
 Shock                    Conj/Air       #...         26%         1    None
 Summon Small Mammal      Summ           #...         26%         1    None
 Dazzling Spray           Conj/Hex       ##....       28%         3    ###....
 Cause Fear               Hex            ###.......   32%         4    ####...
 Searing Ray              Conj           #.....       36%         2    ##.....
 Static Discharge         Conj/Air       #.......     58%         3    ###....
 Fulminant Prism          Conj/Hex       ##........   63%         4    ####...
 Airstrike                Air            #.........   92%         4    ####...
 Force Lance              Conj/Tloc      #.......     92%         4    ####...
 Iskenderun's Mystic Bla  Conj           #.......     92%         4    ####...
 Silence                  Hex/Air        ##........   92%         5    ######.
 Yara's Violent Unravell  Hex/Tmut       ##........   92%         5    ######.
 Lightning Bolt           Conj/Air       #.........   99%         5    ######.
 Deflect Missiles         Chrm/Air       ##........   100%        6    #######
 Discord                  Hex            ###.......   100%        8    #######


Dungeon Overview and Level Annotations

Branches:
Dungeon (14/15)            Temple (1/1) D:5            Lair (6/6) D:8
 Shoals (0/4) Lair:4       Spider (0/4) Lair:4        Slime (0/5) Lair:6
    Orc (2/2) D:9             Elf (0/3) Orc:2
 Vaults: D:13-14

Altars:
Ashenzari
Cheibriados
Dithmenos
Elyvilon
Fedhas
Gozag
Hepliaklqana
Kikubaaqudgha
Makhleb
Nemelex Xobeh
Okawaru
Qazlal
Ru
Sif Muna
Trog
Uskayaw
Vehumet
Wu Jian
Xom
Yredelemnul
Zin
The Shining One

Shops:
D:9 (   Orc:2 (}:*

Annotations:
D:14 Agnes, Rupert


Innate Abilities, Weirdness & Mutations

You revert to your normal form in water You are very nimble and swift while swimming.
You are very stealthy in the water. (Stealth+)
You are partially covered in thin metallic scales. (AC +2)
You have a somewhat thin skeletal structure. (Dex +2, Stealth)
You can translocate small distances at will.
Your system is resistant to poisons. (rPois)
Your spells are a little harder to cast, but a little more powerful.


Message History

The centaur warrior is lightly wounded.
The centaur warrior misses you. You block the orc's attack.
You puncture the centaur warrior!
Lightning courses through the centaur warrior!!
You kill the centaur warrior!
Okawaru accepts your kill.
You barely miss the orc.
You kill the orc!
You puncture the scorpion! Lightning courses through the scorpion!
You kill the scorpion!
Okawaru accepts your kill.
Attack whom?
Press: ? - help, Dir - move target cursor, f - shadow imp
Aim: a shadow imp You reach to attack!
You hit the shadow imp.
The shadow imp is lightly wounded.
You puncture the shadow imp!
You kill the shadow imp!
Okawaru accepts your kill.
Agnes the Wanderer comes into view.
She is wielding a +1 lajatang of speed.
Attack whom?
Press: ? - help, Dir - move target cursor, f - orc priest
Aim: an orc priest, wearing a +0 ring mail You reach to attack!
Agnes shouts!
You hit the orc priest.
The orc priest is moderately wounded.
You closely miss the orc priest.
The orc priest is heavily wounded.
You kill the orc priest!
Okawaru accepts your kill.
Rupert the Wild comes into view.
He is wielding a +5 battleaxe of chopping and wearing a +2 scale mail of poison resistance.
Items here: ( ) [[ † a +0 ring mail; a +1 flail of distortion; a +0 chain mail; an arrow an orc corpse Attack whom?
Press: ? - help, Dir - move target cursor, f - Agnes
Aim: Agnes, wielding a +1 lajatang of speed and wearing a +0 robe You reach to attack!
You closely miss Agnes. You miss Agnes. Lightning courses through Agnes!!
Agnes hits you with a +1 lajatang of speed!
Agnes hits you with a +1 lajatang of speed!!
* * * LOW HITPOINT WARNING * * *
You miss Agnes.
Agnes is moderately wounded.
An efreet comes into view.
It is wielding a +3 scimitar of flaming.
Agnes asks, "Have you seen my kris anywhere?"
Agnes hits you with a +1 lajatang of speed!
* * * LOW HITPOINT WARNING * * *
You swap places.
Agnes hits your spectral weapon with a +1 lajatang of speed!
Your spectral weapon shares its damage with you!
* * * LOW HITPOINT WARNING * * *
Agnes hits your spectral weapon with a +1 lajatang of speed!!
Your spectral weapon shares its damage with you!
Your spectral weapon fades away.
* * * LOW HITPOINT WARNING * * *
You see here 2 arrows.
Items here: $ ( ) † a +0 longbow; 8 arrows; 20 gold pieces; a centaur corpse Really quaff
D - 2 potions of haste {!q}?
You feel yourself speed up. You block Agnes's attack.
Agnes hits you with a +1 lajatang of speed!
You die...

.. .. #. ..
.### ..# #>###
#<..####
##@[...#
#.#######i...(#
...○R(@[(.!...#
(°.############


You could see Agnes.

Vanquished Creatures
  Kirke (Lair:4)
  A frost giant (IceCv)
  Azrael (D:12)
  Josephine (D:13)
  A fire dragon (Lair:6)
  6 hydras
  Erica (D:8)
  A centaur warrior (D:14)
  3 two-headed ogres
  11 death yaks
  Urug (Orc:1)
  4 orc high priests (Orc:2)
  An unseen horror (D:13)
  2 lindwurms (Lair:6)
  Pikel (D:9)
  5 orc knights
  An oklob plant (Lair:2)
  A wolf spider (Lair:6)
  5 orc sorcerers
  2 deep elf magi (D:13)
  3 ugly things
  Maurice (D:9)
  7 elephants
  11 black mambas
  An ice statue (IceCv)
  A guardian serpent (Lair:6)
  A rime drake (Lair:3)
  12 spiny frogs
  8 komodo dragons
  5 yaktaurs (D:12)
  6 torpor snails (Lair:6)
  6 trolls
  15 hornets
  18 polar bears (IceCv)
  5 blink frogs (Lair:5)
  3 slime creatures (D:12)
  3 tyrant leeches (Lair:6)
  6 hippogriffs
  14 wyverns
  6 fire elementals (D:12)
  2 redbacks (Lair:6)
  A human (Lair:5)
  66 yaks
  5 wraiths (D:13)
  2 basilisks (Lair:3)
  2 hogs (Lair:4)
  A warg (Orc:1)
  18 water moccasins
  2 hell hounds (D:12)
  14 porcupines
  2 black bears
  19 orc warriors
  2 phantoms
  3 sky beasts
  2 eyes of draining
  8 ogres
  5 ice beasts
  4 slaves (D:9)
  A necrophage (D:10)
  27 wolves
  9 centaurs
  12 crocodiles
  A big kobold (D:9)
  23 bullfrogs
  9 gnoll sergeants
  A wyvern zombie (D:10)
  7 scorpions
  18 killer bees
  10 wights
  2 howler monkeys
  6 crimson imps
  5 bullfrog zombies
  3 jellies
  8 hounds
  4 centaur skeletons
  14 orc priests
  6 gnoll shamans (Bailey)
  15 orc wizards
  3 bullfrog skeletons
  Ijyb (D:4)
  2 iguanas
  11 worker ants
  A hound skeleton (D:9)
  26 gnolls
  2 howler monkey skeletons
  16 adders
  3 shadow imps
  13 white imps
  An ooze (D:3)
  2 worms (D:3)
  5 dart slugs
  5 leopard geckos
  69 orcs
  3 ball pythons
  10 bats
  9 giant cockroaches
  8 goblins
  12 hobgoblins
  5 jackals
  8 kobolds
  6 quokkas
  6 frilled lizards
  A goblin skeleton (D:6)
  A goblin zombie (D:6)
  A kobold skeleton (D:6)
  2 kobold zombies (D:6)
  A leopard gecko skeleton (D:9)
  An orc skeleton (D:6)
  An orc zombie (D:6)
  4 quokka skeletons
  6 rats
  3 fungi
  2 plants
771 creatures vanquished.

Vanquished Creatures (others)
  4 fungi
  11 plants
  40 spectral weapons
55 creatures vanquished.

Grand Total: 826 creatures vanquished

Notes
Turn   | Place    | Note
-------+----------+-------------------------------------------
     0 | D:1      | Amnesiac the Merfolk Skald began the quest for the Orb.
     0 | D:1      | Reached XP level 1. HP: 16/16 MP: 3/3
    96 | D:1      | Reached XP level 2. HP: 13/22 MP: 1/5
   374 | D:1      | Reached XP level 3. HP: 27/27 MP: 2/6
   641 | D:2      | Learned a level 3 spell: Spectral Weapon
   664 | D:3      | Reached skill level 5 in Polearms
   968 | D:4      | Found a bloodstained altar of Trog.
   968 | D:4      | Found a burning altar of Makhleb.
   969 | D:4      | Found a hide-covered altar of Uskayaw.
   969 | D:4      | Found a stormy altar of Qazlal.
   975 | D:4      | Reached skill level 1 in Hexes
   975 | D:4      | Reached XP level 4. HP: 21/33 MP: 0/7
  1104 | D:4      | Noticed an ogre
  1123 | D:4      | Killed an ogre
  1123 | D:4      | Reached XP level 5. HP: 18/38 MP: 1/8
  1277 | D:4      | Reached XP level 6. HP: 31/44 MP: 1/9
  1399 | D:4      | Noticed Ijyb
  2230 | D:4      | Killed Ijyb
  2269 | D:5      | Entered Level 5 of the Dungeon
  2440 | D:5      | Reached skill level 1 in Stealth
  2440 | D:5      | Reached XP level 7. HP: 50/50 MP: 3/10
  2475 | D:5      | Reached skill level 5 in Charms
  2541 | D:5      | Found a staircase to the Ecumenical Temple.
  2547 | Temple   | Entered the Ecumenical Temple
  2717 | Temple   | Became a worshipper of Warmaster Okawaru
  3739 | D:2      | Learned a level 3 spell: Regeneration
  5157 | D:5      | Reached skill level 1 in Invocations
  5187 | D:5      | Found a shadowy altar of Dithmenos.
  5270 | D:5      | Reached skill level 10 in Polearms
  5270 | D:5      | Reached XP level 8. HP: 56/56 MP: 7/11
  5330 | D:5      | Reached * piety under Okawaru
  6231 | D:6      | Reached XP level 9. HP: 61/61 MP: 8/12
  6290 | D:6      | Found a glowing golden altar of the Shining One.
  6294 | D:6      | Reached ** piety under Okawaru
  6974 | D:7      | Reached skill level 1 in Evocations
  7013 | D:7      | Noticed a troll
  7113 | D:7      | Killed a troll
  7113 | D:7      | Reached skill level 5 in Invocations
  7262 | D:7      | Found a white marble altar of Elyvilon.
  7606 | D:7      | Reached *** piety under Okawaru
  7708 | D:8      | Found a staircase to the Lair.
  7751 | D:8      | Reached XP level 10. HP: 36/67 MP: 9/14
  7935 | D:8      | Noticed Erica
  8040 | D:9      | Reached **** piety under Okawaru
  8831 | D:9      | Noticed Pikel
  8843 | D:9      | Killed Pikel
  8843 | D:9      | Reached ***** piety under Okawaru
  8843 | D:9      | Reached skill level 5 in Dodging
  8883 | D:9      | Noticed Maurice
  8907 | D:9      | Killed Maurice
  9009 | D:8      | Noticed a two-headed ogre
  9024 | D:8      | Killed a two-headed ogre
  9380 | D:8      | Reached XP level 11. HP: 78/78 MP: 14/17
  9503 | D:8      | Gained mutation: You evolve. [potion of mutation]
  9503 | D:8      | Gained mutation: You can translocate small distances at
                  | will. [potion of mutation]
  9503 | D:8      | Gained mutation: You have a somewhat thin skeletal
                  | structure. (Dex +2, Stealth) [potion of mutation]
  9503 | D:8      | Gained mutation: You are partially covered in thin metallic
                  | scales. (AC +2) [potion of mutation]
  9601 | D:8      | Killed Erica
  9601 | D:8      | Reached skill level 5 in Fighting
  9882 | D:8      | Learned a level 3 spell: Confuse
  9886 | D:8      | Learned a level 3 spell: Tukima's Dance
 10064 | D:9      | Found Qentulas's Weapon Shop.
 10067 | D:9      | Found a staircase to the Orcish Mines.
 10090 | D:9      | Bought a +2 trident of piercing for 240 gold pieces
 10461 | D:10     | Entered Level 10 of the Dungeon
 11151 | D:10     | Received a gift from Okawaru
 11304 | D:10     | Gained mutation: Your spells are a little harder to cast,
                  | but a little more powerful. [evolution]
 11342 | Orc:1    | Entered Level 1 of the Orcish Mines
 11352 | Orc:1    | Reached skill level 5 in Spellcasting
 11372 | Orc:1    | Noticed Urug
 11412 | Orc:1    | Killed Urug
 11610 | Orc:2    | Entered Level 2 of the Orcish Mines
 11616 | Orc:2    | Noticed an orc sorcerer
 11884 | Lair:1   | Entered Level 1 of the Lair of Beasts
 12027 | Lair:1   | Reached skill level 10 in Dodging
 12784 | Lair:2   | Reached skill level 5 in Stealth
 12797 | Lair:2   | Reached XP level 12. HP: 51/91 MP: 17/19
 13057 | Lair:2   | Received a gift from Okawaru
 13143 | Lair:2   | Gained mutation: Your system is resistant to poisons.
                  | (rPois) [evolution]
 14373 | Lair:3   | Reached skill level 5 in Hexes
 14739 | Lair:3   | Received a gift from Okawaru
 14739 | Lair:3   | Reached skill level 1 in Shields
 14739 | Lair:3   | Reached skill level 1 in Necromancy
 15016 | Lair:4   | Found a hole to the Spider Nest.
 15072 | Lair:4   | Found a staircase to the Shoals.
 15088 | Lair:4   | Received a gift from Okawaru
 15088 | Lair:4   | Reached skill level 2 in Shields
 15143 | Lair:4   | Noticed a five-headed hydra
 15152 | Lair:4   | Killed a five-headed hydra
 15152 | Lair:4   | Reached skill level 3 in Shields
 15497 | Lair:5   | Noticed Kirke
 15530 | Lair:4   | Reached skill level 4 in Shields
 15530 | Lair:4   | Reached XP level 13. HP: 88/101 MP: 14/20
 15591 | Lair:4   | Noticed a sphinx
 15598 | Lair:4   | Killed Kirke
 15617 | Lair:5   | Reached skill level 5 in Shields
 15894 | Lair:5   | Learned a level 2 spell: Swiftness
 16414 | Lair:6   | Entered Level 6 of the Lair of Beasts
 16422 | Lair:6   | Reached skill level 6 in Shields
 16422 | Lair:6   | Reached skill level 5 in Necromancy
 16462 | Lair:6   | Reached ****** piety under Okawaru
 16462 | Lair:6   | Received a gift from Okawaru
 16663 | Lair:6   | Reached skill level 7 in Shields
 17016 | Lair:6   | Received a gift from Okawaru
 17016 | Lair:6   | Reached skill level 8 in Shields
 17192 | Lair:6   | Found a staircase to the Slime Pits.
 17260 | Lair:6   | Reached skill level 5 in Evocations
 17766 | Lair:5   | Reached XP level 14. HP: 89/108 MP: 18/21
 17771 | Lair:5   | Received a gift from Okawaru
 17825 | Lair:6   | Reached skill level 9 in Shields
 18476 | Lair:6   | Found a runed translucent door.
 18713 | Lair:6   | Received a gift from Okawaru
 18715 | Lair:6   | HP: 2/108 [lindwurm (4)]
 18819 | Lair:6   | Lost mutation: You evolve. [evolution]
 19035 | Lair:6   | Reached skill level 10 in Shields
 20204 | Orc:2    | Reached skill level 11 in Shields
 20784 | Orc:2    | Received a gift from Okawaru
 20830 | Orc:2    | Reached skill level 12 in Shields
 20842 | Orc:2    | Found Toemisehy's Assorted Antiques.
 20842 | Orc:2    | Found Ecishruz's Weapon Shop.
 20871 | Orc:2    | Found Byawk's Book Shoppe.
 20871 | Orc:2    | Found Hyocy's Gadget Shop.
 20883 | Orc:2    | Bought a book of Cantrips for 320 gold pieces
 20886 | Orc:2    | Learned a level 1 spell: Confusing Touch
 20993 | Orc:2    | Found a bloodstained altar of Trog.
 21050 | Orc:2    | Learned a level 1 spell: Apportation
 21158 | Orc:2    | Found a staircase to the Elven Halls.
 21226 | Orc:1    | Reached XP level 15. HP: 113/113 MP: 18/22
 21788 | D:11     | Found a flagged portal.
 21798 | Bailey   | Entered a bailey
 22126 | D:11     | Reached skill level 13 in Shields
 22148 | D:11     | Received a gift from Okawaru
 22204 | D:11     | Found a frozen archway.
 22233 | IceCv    | Entered an ice cave
 22823 | IceCv    | Noticed a frost giant
 22834 | IceCv    | Reached skill level 14 in Shields
 22843 | IceCv    | Killed a frost giant
 23339 | D:11     | Got a slimy plate armour {god gift}
 24129 | D:12     | Noticed Azrael
 24164 | D:12     | Killed Azrael
 24789 | D:13     | Reached skill level 15 in Shields
 24984 | D:13     | Noticed Josephine
 24993 | D:13     | Killed Josephine
 25015 | D:13     | Received a gift from Okawaru
 25047 | D:13     | Identified the +5 plate armour of Fuash {MR+ Int+3 Dex+3
                  | Slay-2} (Okawaru gifted it to you on level 11 of the
                  | Dungeon)
 25510 | D:14     | Noticed Agnes
 25513 | D:14     | Noticed Rupert
 25520 | D:14     | Slain by Agnes

Levels and vault maps discovered:
D:1:      dpeg_arrival_concentric_ovals, layout_loops_corners
D:2:      layout_basic, first_ration, kennysheep_generic_room_4
D:3:      layout_basic
D:4:      layout_basic, chequers_temple_overflow_statue_of_worship, uniq_ijyb
D:5:      layout_gridville, grunt_dithmenos_shadows, minmay_temple_entry_grid,
          lightli_minifort
D:6:      layout_loops_ring, nicolae_tso_besieged_by_evil
D:7:      layout_basic, lemuel_doored_altar
D:8:      layout_cave_pools, due_lair_maze_entry_diamond, uniq_erica
D:9:      layout_loops_corners, orc_david_3, uniq_pikel, uniq_maurice
D:10:     layout_loops_cross
D:11:     layout_cave_pools, portal_ice_cave_entry_imps, enter_bailey_2
D:12:     layout_roguey, uniq_azrael
D:13:     layout_cave_pools, uniq_josephine
D:14:     layout_rooms, david_vaults_2, fedhas_altar_4, serial_shops, shop,
          uniq_rupert, uniq_agnes
Temple:   eino_temple_scatter_basement
Lair:1:   layout_hall_layers, minmay_holes, grunt_megastairs_1
Lair:2:   layout_cave_shapes, nicolae_lair_grove_arrangements, st_stairs_4,
          serial_bayou_shore_b, minmay_lair_oklob_chamber
Lair:3:   layout_regular_city
Lair:4:   layout_misc_corridors, minmay_shoals_entry_centaurs,
          dummy_spider_entry
Lair:5:   layout_misc_corridors, lemuel_fruit_tree, infiniplex_staircase_pool_2,
          grunt_megastairs_5, uniq_kirke
Lair:6:   wormcave, layout_cave_pods, hangedman_lair_tendril_chambers,
          dpeg_slime_entry_corner, chequers_serial_rivers_micro_e,
          grunt_megastairs_2
Orc:1:    layout_caves, nicolae_orc_stony_grotto, uniq_urug
Orc:2:    grunt_orc_tribal_feast, layout_diamond_mine, trog_book

Skill      XL: |  1  2  3  4  5  6  7  8  9 10 11 12 13 14 15 |
---------------+----------------------------------------------+-----
Polearms       | 4 5 7 9 10 12 14 | 14.4
Hexes          | 1 2 3 5 |  5.0
Charms         | 4 5 |  5.8
Stealth        | 1 3 4 5 |  5.0
Invocations    | 2 4 6 8 |  8.0
Evocations     | 3 4 5 |  5.0
Dodging        | 7 11 13 | 13.4
Spellcasting   | 4 5 |  5.0
Fighting       | 4 7 9 |  9.4
Shields        | 4 8 12 15 | 15.0
Necromancy     | 3 6 9 |  9.0
Armour         | |  0.6

Action                   |  1- 3 |  4- 6 |  7- 9 | 10-12 | 13-15 || total
-------------------------+-------+-------+-------+-------+-------++-------
Melee: Spear             |    97 |    79 |   258 |   246 |       ||   680
       Trident           |       |       |   264 |   227 |       ||   491
       Tailslap          |       |       |     2 |       |       ||     2
       Demon trident     |       |       |       |   194 |  1224 ||  1418
Throw: Dart              |       |     6 |     7 |    13 |       ||    26
 Cast: Infusion          |     9 |     1 |    26 |     1 |       ||    37
       Spectral Weapon   |     2 |     8 |    29 |    78 |   108 ||   225
       Regeneration      |       |       |       |       |     3 ||     3
Evoke: Wand              |       |       |       |     8 |       ||     8
  Use: Scroll            |       |     1 |     5 |    15 |    15 ||    36
       Potion            |       |       |       |    14 |     3 ||    17
 Stab: Distracted        |       |     1 |     2 |    15 |    21 ||    39
       Sleeping          |       |       |    17 |    29 |    17 ||    63
       Invisible         |       |       |       |     1 |       ||     1
  Eat: Chunk             |     1 |     6 |    21 |    35 |    34 ||    97
       Ration            |       |       |       |       |     3 ||     3
Armor: Leather armour    |    13 |     3 |    74 |    80 |   117 ||   287
       Skin              |       |       |       |     5 |     1 ||     6
Dodge: Dodged            |    52 |    25 |   174 |   284 |   512 ||  1047
Block: Shield            |       |       |       |       |   464 ||   464

Table legend:
 A = Non-vault XP
 B = Vault XP
 C = Vault XP percentage of total XP
 D = Non-vault monster count
 E = Vault monster count
 F = Vault count percentage of total count
                 A         B        C        D         E       F
            +---------+---------+-------+---------+---------+-------
      Total |   73640 |   54424 |  42.5 |     519 |     242 |  31.8
            +---------+---------+-------+---------+---------+-------
        D:1 |      72 |       0 |   0.0 |      31 |       0 |   0.0
        D:2 |      82 |       2 |   2.4 |      26 |       1 |   3.7
        D:3 |     114 |       0 |   0.0 |      22 |       0 |   0.0
        D:4 |     375 |      38 |   9.2 |      13 |       1 |   7.1
        D:5 |     790 |     294 |  27.1 |      20 |       7 |  25.9
        D:6 |     784 |      17 |   2.1 |      15 |       8 |  34.8
        D:7 |    1506 |       0 |   0.0 |      25 |       0 |   0.0
        D:8 |    1666 |    1988 |  54.4 |      18 |      10 |  35.7
        D:9 |    1829 |    1188 |  39.4 |      39 |       9 |  18.8
       D:10 |    1449 |       0 |   0.0 |      31 |       0 |   0.0
       D:11 |    4615 |     122 |   2.6 |      28 |      12 |  30.0
       D:12 |    5378 |    2793 |  34.2 |      30 |       9 |  23.1
       D:13 |    6970 |    2078 |  23.0 |      25 |       6 |  19.4
       D:14 |    2413 |       0 |   0.0 |       8 |       0 |   0.0
     Lair:1 |    2702 |       0 |   0.0 |      14 |       0 |   0.0
     Lair:2 |    7115 |     580 |   7.5 |      32 |       1 |   3.0
     Lair:3 |    2769 |       0 |   0.0 |      17 |       0 |   0.0
     Lair:4 |    4643 |    3059 |  39.7 |      20 |       7 |  25.9
     Lair:5 |    8172 |       0 |   0.0 |      28 |       0 |   0.0
     Lair:6 |   15350 |   18437 |  54.6 |      36 |      56 |  60.9
      Orc:1 |    2384 |    1473 |  38.2 |      18 |       2 |  10.0
      Orc:2 |    2462 |    7140 |  74.4 |      23 |      29 |  55.8
     Bailey |       0 |    1219 | 100.0 |       0 |      30 | 100.0
      IceCv |       0 |   13996 | 100.0 |       0 |      54 | 100.0
            +---------+---------+-------+---------+---------+-------
